 Dungeon Crawl Stone Soup version 0.15.2 (webtiles) character file.

12858 Huymann the Thaumaturge (level 11, -7/74 HPs)
             Began as a High Elf Wizard on Feb 20, 2015.
             Was a Priest of Sif Muna.
             Mangled by a vampire (12 damage)
             ... in a volcano.
             The game lasted 03:14:19 (17676 turns).

Huymann the Thaumaturge (High Elf Wizard)          Turns: 17676, Time: 03:14:19

HP  -7/74        AC 12     Str 10      XL: 11   Next: 68%
MP  25/31        EV 17     Int 21      God: Sif Muna [***...]
Gold 1461        SH  0     Dex 19      Spells:  7 memorised, 13 levels left

rFire  . . .     SeeInvis .     l - +3 cutlass (protect)
rCold  . . .     Clarity  +     A - +1 robe {MR+} (curse)
rNeg   . . .     rCorr    .     (no shield)
rPois  .         rRot     .     b - +0 hat
rElec  .         Spirit   .     m - +2 cloak
SustAb +         Warding  .     x - +0 pair of gloves
rMut   .         Stasis   .     (no boots)
Gourm  .                        D - amulet of Schakaxee {Clar Str+1 Dex+3 Stlth-}
MR     +++..                    e - ring of protection from magic
                                F - ring of sustain abilities

@: very slightly contaminated, repel missiles, invisible, extremely resistant to
hostile enchantments, fairly stealthy
A: no striking features
a: Channel Energy, Forget Spell, Renounce Religion


You were in a volcano.
You worshipped Sif Muna.
Sif Muna was most pleased with you.
You were not hungry.

You visited 2 branches of the dungeon, and saw 16 of its levels.
You also visited: Volcano.

You collected 1521 gold pieces.
You spent 60 gold pieces at shops.

Inventory:

Hand weapons
 j - a +1 dagger
 l - a +3 cutlass of protection (weapon)
 y - a +0 shortbow of flaming
 V - a +0 blowgun
 W - a +0 dagger of freezing
Missiles
 a - 25 poisoned arrows
 r - 145 arrows
 J - 5 silver javelins (quivered)
 N - 58 poisoned needles
Armour
 b - a +0 hat (worn)
 m - a +2 cloak (worn)
 p - a +1 leather armour of positive energy
 x - a +0 pair of gloves (worn)
 A - a cursed +1 robe of magic resistance (worn)
 L - a +0 robe
Magical devices
 h - a wand of digging (0)
 v - a wand of enslavement (20)
 O - a wand of frost (9)
 Q - a wand of cold (7)
Comestibles
 d - 6 bread rations
 g - 2 slices of pizza
 o - 3 beef jerkies
 R - 3 meat rations
 S - 2 royal jellies
Scrolls
 f - 4 scrolls of fear
 i - 3 scrolls of remove curse
 E - a scroll of fog
 I - 2 scrolls of recharging
 P - a scroll of vulnerability
 Z - a scroll of enchant armour
Jewellery
 e - a ring of protection from magic (right hand)
 k - an uncursed ring of protection from fire {unknown}
 q - a cursed ring of teleportation
 s - an uncursed ring of poison resistance
 w - a cursed amulet of stasis
 D - the amulet of Schakaxee (around neck) {Clar Str+1 Dex+3 Stlth-}
   (You found it on level 9 of the Dungeon)

   [amulet of clarity]

   It provides mental clarity.
   It affects your strength (+1).
   It affects your dexterity (+3).
   It makes you less stealthy.
 F - a ring of sustain abilities (left hand)
 K - an uncursed amulet of resist mutation
Potions
 t - a potion of brilliance
 z - 4 potions of might
 B - 3 potions of berserk rage
 H - a potion of haste
Books
 c - a book of Minor Magic

   Spells                             Type                      Level
   *Magic Dart                        Conjuration                  1
   *Blink                             Translocation                2
   *Call Imp                          Summoning                    2
   *Repel Missiles                    Charms/Air                   2
   *Slow                              Hexes                        2
   *Conjure Flame                     Conjuration/Fire             3
   *Mephitic Cloud                    Conjuration/Poison/Air       3
 u - a book of Necromancy

   Spells                             Type                      Level
   Pain                               Necromancy                   1
   Animate Skeleton                   Necromancy                   1
   Vampiric Draining                  Necromancy                   3
   Regeneration                       Charms/Necromancy            3
   Animate Dead                       Necromancy                   4
   Control Undead                     Necromancy                   4
 Y - a book of Wizardry

   Spells                             Type                      Level
   Agony                              Necromancy                   5
   Force Lance                        Conjuration                  5
   Dispersal                          Translocation                6
   Haste                              Charms                       6
   Invisibility                       Hexes                        6
   Spellforged Servitor               Conjuration/Summoning        7


   Skills:
 * Level 6.9 Fighting
 * Level 7.5 Short Blades
 + Level 5.8 Bows
 + Level 2.1 Throwing
 * Level 2.5 Armour
 + Level 6.3 Dodging
 * Level 8.8 Stealth
 * Level 9.4 Spellcasting
 * Level 7.1 Conjurations
 + Level 0.5 Charms
 * Level 3.2 Summonings
 * Level 2.9 Translocations
 + Level 1.3 Fire Magic
 + Level 4.3 Air Magic
 + Level 2.0 Poison Magic
 + Level 1.2 Invocations
 + Level 0.9 Evocations


You had 13 spell levels left.
You knew the following spells:

 Your Spells              Type           Power        Failure   Level  Hunger
a - Magic Dart            Conj           ####         1%          1    None
b - Blink                 Tloc           N/A          3%          2    None
c - Call Imp              Summ           ###.....     2%          2    None
d - Mephitic Cloud        Conj/Pois/Air  ####....     3%          3    None
e - Conjure Flame         Conj/Fire      ####....     3%          3    None
f - Repel Missiles        Chrm/Air       ###...       4%          2    None
g - Slow                  Hex            #.......     12%         2    None


Dungeon Overview and Level Annotations

Branches:
Dungeon (12/15)            Temple (0/1) D:6             Orc (4/4) D:11
    Elf (0/3) Orc:3          Lair (0/8) D:11

Altars:
Ashenzari
Elyvilon
Fedhas
Kikubaaqudgha
Makhleb
Nemelex Xobeh
Okawaru
Qazlal
Sif Muna
Vehumet
Xom
Zin
The Shining One

Shops:
D:6 (   D:11 :   Orc:2 :

Annotations:
D:12 Nergalle


Message History

The two-headed ogre skeleton is engulfed in roaring flames.
The two-headed ogre skeleton hits you.
* * * LOW HITPOINT WARNING * * *
The two-headed ogre skeleton closely misses you.
You hit the two-headed ogre skeleton but do no damage.
Drink which item? (? for menu, Esc to quit)
You fade into invisibility!
The two-headed ogre skeleton is engulfed in roaring flames.
The two-headed ogre skeleton closely misses you.
The two-headed ogre skeleton misses you.
You are very lightly contaminated with residual magic.
You strike the helpless two-headed ogre skeleton from behind!
You impale the two-headed ogre skeleton!!
You destroy the two-headed ogre skeleton!
Something hits you.
* * * LOW HITPOINT WARNING * * *
Something completely misses you.
You see here 28 gold pieces.
Something hits you!
You die...

#####################
#.)'(.(#$$$+$$$##...#
#))#..Z§@..# ..##...#
####'#...#...#
..##...#
#.'..###+#####
#.##.### ###..#
#.##.# #'### ##.##.##
# #...# ###......###
# #...#
...............####
#...#
.#####.#..#.####≈.
##'######
#......'.....


You could see a minotaur skeleton.

Vanquished Creatures
  A flayed ghost (D:9)
  A hill giant (D:11)
  A sphinx skeleton (Volcano)
  An ugly thing (D:11)
  3 cyclopes
  A two-headed ogre (D:11)
  A fire drake (Orc:4)
  2 trolls
  A shadow (D:9)
  3 wraiths (D:9)
  2 fire bats (D:9)
  2 hill giant zombies
  A vampire (Volcano)
  9 yaks
  A deep elf mage (D:9)
  2 wargs
  3 sky beasts
  9 orc warriors
  4 ogres
  9 centaurs
  A big kobold (D:8)
  Duvessa (D:8)
  6 giant frogs
  A crocodile (D:11)
  A scorpion (D:9)
  The ghost of ghwc the Insei, a weakling DrMo (D:3)
  11 killer bees
  A hippogriff skeleton (D:9)
  A spriggan skeleton (Volcano)
  2 troll skeletons (Volcano)
  2 goliath beetles
  4 crimson imps
  Dowan (D:8)
  4 jellies
  A black bear zombie (D:10)
  10 orc priests
  2 quasits
  3 hounds
  4 iguanas
  A centaur skeleton (Volcano)
  A two-headed ogre skeleton (Volcano)
  Natasha (thrice) (D:5)
  4 worker ants
  17 orc wizards
  A crocodile skeleton (D:9)
  A big kobold zombie (D:11)
  2 ogre skeletons (Volcano)
  2 naga skeletons (Volcano)
  2 mummies (Volcano)
  12 adders
  10 gnolls
  A scorpion zombie (D:6)
  3 shadow imps
  2 giant mites (D:6)
  An inept feature mimic (D:8)
  2 white imps (Volcano)
  A goliath beetle zombie (D:9)
  A worm (D:2)
  An adder skeleton (D:9)
  2 oozes
  85 orcs
  A bat zombie (D:5)
  17 goblins
  14 hobgoblins
  7 jackals
  25 kobolds
  5 quokkas
  4 ball pythons
  24 bats
  2 giant cockroaches (D:2)
  5 giant geckos
  9 giant newts
  A goblin zombie (D:5)
  A kobold skeleton (D:4)
  A quokka zombie (D:5)
  14 rats
  A rat zombie (D:5)
400 creatures vanquished.

Vanquished Creatures (collateral kills)
  An orc sorcerer (Orc:3)
  A troll (D:9)
  A flying skull (Volcano)
  A wraith (D:9)
  A hill giant skeleton (Volcano)
  A water moccasin (D:9)
  2 ogres
  A killer bee (D:9)
  2 crimson imps
  An iguana (D:7)
  A hound (D:6)
  3 orc wizards
  2 worker ants (D:4)
  A gnoll (D:3)
  An orc skeleton (D:9)
  An adder (D:9)
  A worm (D:2)
  17 orcs
  A giant cockroach (D:6)
  2 hobgoblins
  7 jackals
  A kobold (D:8)
  2 quokkas
  A jackal zombie (D:6)
  3 rats
56 creatures vanquished.

Vanquished Creatures (others)
  7 crimson imps
  An iron imp (D:3)
  A shadow imp (D:3)
  6 white imps
15 creatures vanquished.

Grand Total: 471 creatures vanquished

Notes
Turn   | Place    | Note
--------------------------------------------------------------
     0 | D:1      | Huymann, the High Elf Wizard, began the quest for the Orb.
     0 | D:1      | Reached XP level 1. HP: 11/11 MP: 5/5
   324 | D:1      | Reached skill level 4 in Spellcasting
   324 | D:1      | Reached XP level 2. HP: 17/17 MP: 0/8
   837 | D:1      | Learned a level 2 spell: Blink
   840 | D:1      | Learned a level 2 spell: Call Imp
  1588 | D:2      | Reached XP level 3. HP: 22/22 MP: 5/11
  1931 | D:2      | Found a glowing golden altar of the Shining One.
  1931 | D:2      | Found an iron altar of Okawaru.
  2070 | D:2      | Reached skill level 1 in Summonings
  2641 | D:3      | Reached XP level 4. HP: 18/27 MP: 7/14
  2681 | D:3      | Learned a level 3 spell: Mephitic Cloud
  2685 | D:3      | Learned a level 3 spell: Conjure Flame
  2752 | D:3      | Found a stormy altar of Qazlal.
  2940 | D:3      | Found a shattered altar of Ashenzari.
  2951 | D:3      | Reached skill level 1 in Fighting
  2973 | D:3      | Reached skill level 1 in Short Blades
  3281 | D:3      | Noticed ghwc's ghost (weakling DrMo)
  3310 | D:3      | Killed ghwc's ghost
  3511 | D:3      | Reached XP level 5. HP: 33/33 MP: 17/17
  4235 | D:4      | Found Zin's Purification Station.
  4282 | D:4      | Found a glowing silver altar of Zin.
  4287 | D:4      | Bought a potion of curing for 60 gold pieces
  4978 | D:5      | Entered Level 5 of the Dungeon
  4980 | D:5      | Noticed a centaur
  5002 | D:5      | Killed a centaur
  5002 | D:5      | Reached skill level 5 in Spellcasting
  5002 | D:5      | Reached skill level 1 in Air Magic
  5002 | D:5      | Reached XP level 6. HP: 19/39 MP: 7/20
  5155 | D:5      | Noticed Natasha
  5266 | D:5      | Killed Natasha
  5319 | D:5      | Noticed an orc warrior
  5443 | D:5      | Found a deep blue altar of Sif Muna.
  5491 | D:5      | Became a worshipper of Sif Muna the Loreminder
  5527 | D:5      | Noticed an ogre
  5538 | D:5      | Noticed Natasha
  5543 | D:5      | Killed an ogre
  5543 | D:5      | Reached XP level 7. HP: 41/45 MP: 11/21
  5728 | D:6      | Found a radiant altar of Vehumet.
  5805 | D:6      | Found Qauda's Antique Weapon Boutique.
  5820 | D:6      | Found a staircase to the Ecumenical Temple.
  6257 | D:6      | Reached skill level 1 in Bows
  6257 | D:6      | Reached skill level 1 in Poison Magic
  7179 | D:7      | Reached skill level 5 in Stealth
  7179 | D:7      | Reached XP level 8. HP: 51/51 MP: 12/23
  7860 | D:8      | Acquired Sif Muna's first power
  7930 | D:8      | Reached skill level 6 in Spellcasting
  8217 | D:8      | Noticed Dowan
  8219 | D:8      | Noticed Duvessa
  8258 | D:8      | Killed Dowan
  8268 | D:8      | Killed Duvessa
  8370 | D:8      | Reached skill level 1 in Invocations
  8430 | D:8      | Found a sparkling altar of Nemelex Xobeh.
  8590 | D:9      | Reached XP level 9. HP: 46/57 MP: 25/25
  8630 | D:9      | Noticed a troll
  8631 | D:9      | Found an ancient bone altar of Kikubaaqudgha.
  8678 | D:9      | Killed a troll
  8927 | D:9      | Reached skill level 5 in Conjurations
  9223 | D:9      | Found a white marble altar of Elyvilon.
  9355 | D:9      | Found a stormy altar of Qazlal.
  9366 | D:9      | Learned a level 2 spell: Repel Missiles
  9369 | D:9      | Learned a level 2 spell: Slow
  9396 | D:9      | Found a radiant altar of Vehumet.
  9417 | D:9      | Found a blossoming altar of Fedhas.
  9454 | D:9      | Reached skill level 7 in Spellcasting
  9458 | D:9      | Reached skill level 5 in Dodging
  9491 | D:9      | Found a deep blue altar of Sif Muna.
  9513 | D:9      | Reached skill level 5 in Short Blades
  9541 | D:9      | Found a radiant altar of Vehumet.
  9586 | D:9      | Acquired Sif Muna's second power
  9836 | D:9      | Reached skill level 5 in Fighting
 10070 | D:9      | Found a shimmering altar of Xom.
 10245 | D:9      | Reached XP level 10. HP: 66/66 MP: 20/28
 10666 | D:9      | Reached skill level 8 in Spellcasting
 10796 | D:9      | Noticed a flayed ghost
 10803 | D:9      | Killed a flayed ghost
 10803 | D:9      | Reached skill level 1 in Throwing
 10803 | D:9      | Reached skill level 1 in Fire Magic
 10993 | D:9      | Got a transparent bone amulet
 10994 | D:9      | Identified the amulet of Schakaxee {Clar Str+1 Dex+3 Stlth-} (You found it on level 9 of the Dungeon)
 10998 | D:9      | Got a brightly glowing flail
 10999 | D:9      | Identified the +5 flail "Fuwo Ske" {crush, *Tele rElec} (You found it on level 9 of the Dungeon)
 11066 | D:10     | Entered Level 10 of the Dungeon
 11627 | D:9      | Reached skill level 5 in Bows
 11920 | D:5      | Killed Natasha
 11929 | D:5      | Killed an orc warrior
 12051 | D:5      | Noticed Natasha
 12056 | D:5      | Killed Natasha
 12128 | D:5      | Noticed a centaur
 12144 | D:5      | Killed a centaur
 12939 | D:11     | Noticed a cyclops
 12965 | D:11     | Killed a cyclops
 13013 | D:11     | Found a staircase to the Orcish Mines.
 13121 | D:11     | Reached skill level 1 in Armour
 13122 | D:11     | Noticed a cyclops
 13133 | D:11     | Noticed a brown ugly thing
 13143 | D:11     | Killed a brown ugly thing
 13147 | D:11     | Killed a cyclops
 13147 | D:11     | Reached XP level 11. HP: 62/72 MP: 19/30
 13451 | D:11     | Found a staircase to the Lair.
 13594 | D:11     | Found Raravov's Book Boutique.
 13924 | D:11     | Noticed a hill giant
 13951 | D:11     | Killed a hill giant
 13951 | D:11     | Reached skill level 9 in Spellcasting
 14243 | D:12     | Noticed Nergalle
 14252 | D:12     | Noticed a five-headed hydra
 14438 | Orc:1    | Entered Level 1 of the Orcish Mines
 14840 | Orc:1    | Found a burning altar of Makhleb.
 14981 | Orc:2    | Found Noagirch's Book Shoppe.
 16308 | Orc:3    | Found a staircase to the Elven Halls.
 16835 | Orc:4    | Entered Level 4 of the Orcish Mines
 16958 | Orc:4    | Found a dark tunnel.
 16976 | Volcano  | Entered a volcano
 17676 | Volcano  | Mangled by a vampire

Action                   |  1- 3 |  4- 6 |  7- 9 | 10-12 || total
-------------------------+-------+-------+-------+-------++-------
Melee: Dagger            |    60 |   147 |   291 |     4 ||   502
       Long sword        |       |       |     2 |       ||     2
       Cutlass           |       |       |   114 |   496 ||   610
       Blowgun           |       |       |       |     1 ||     1
 Fire: Shortbow          |       |     2 |   100 |   152 ||   254
       Blowgun           |       |       |    12 |    27 ||    39
Throw: Throwing net      |       |     3 |       |     2 ||     5
       Tomahawk          |       |     3 |       |       ||     3
       Javelin           |       |       |     9 |    12 ||    21
 Cast: Magic Dart        |    78 |    51 |    40 |    19 ||   188
       Call Imp          |     5 |    20 |    24 |    34 ||    83
       Mephitic Cloud    |       |    16 |    42 |    75 ||   133
       Conjure Flame     |       |     7 |    30 |    35 ||    72
       Blink             |       |     5 |    11 |     9 ||    25
       Repel Missiles    |       |       |       |     4 ||     4
       Slow              |       |       |       |     1 ||     1
Invok: Channel Energy    |       |       |     5 |     1 ||     6
Evoke: Wand              |       |     3 |    14 |     1 ||    18
  Use: Scroll            |     5 |     2 |     9 |     6 ||    22
       Potion            |       |       |     2 |     9 ||    11
 Stab: Sleeping          |     4 |     7 |     2 |    10 ||    23
       Held in net/web   |       |     1 |       |       ||     1
       Confused          |       |     5 |    13 |    23 ||    41
       Distracted        |       |       |       |     3 ||     3
       Invisible         |       |       |       |     1 ||     1
  Eat: Chunk             |     5 |    10 |    18 |    20 ||    53
       Fruit             |       |     1 |     1 |     3 ||     5
       Pizza             |       |       |       |     1 ||     1
